 Dungeon Crawl Stone Soup version 0.19-a0-994-g3c636f0 (webtiles) character file.

643 4thArraOfDagon the Cleaver (level 7, -3/63 HPs)
             Began as a Hill Orc Monk on July 17, 2016.
             Was a Believer of the Shining One.
             Slain by a centaur (6 damage)
             ... on level 10 of the Dungeon.
             The game lasted 00:06:55 (1428 turns).

4thArraOfDagon the Cleaver (Hill Orc Monk)          Turns: 1428, Time: 00:06:56

Health: -3/63      AC: 10    Str: 15    XL:     7   Next: 51%
Magic:  4/7        EV:  7    Int: 11    God:    the Shining One [**....]
Gold:   49         SH:  6    Dex: 13    Spells: 0 memorised, 6 levels left

rFire  + . .     SeeInvis .     i - +0 battleaxe
rCold  . . .     Gourm    .     q - +0 chain mail
rNeg   + . .     Faith    .     (shield currently unavailable)
rPois  .         Spirit   .     (no helmet)
rElec  .         Dismiss  .     b - +0 cloak
rCorr  .         Reflect  .     (no gloves)
SustAt .         Harm     .     (no boots)
MR     .....                    (no amulet)
Stlth  ..........               l - ring of protection from cold
                                k - ring of fire

@: divine shield, flying, glowing, not resistant to hostile enchantments,
extremely unstealthy
A: no striking features
a: Divine Shield, Renounce Religion


You were on level 10 of the Dungeon.
You worshipped the Shining One.
The Shining One was pleased with you.
You were not hungry.

You visited 1 branch of the dungeon, and saw 10 of its levels.

You collected 104 gold pieces.
You spent 55 gold pieces at shops.

Inventory:

Hand Weapons
 a - a +0 hand axe
 f - a +0 blowgun
 i - a +0 battleaxe (weapon)
 s - a +0 war axe
Missiles
 g - 14 poisoned needles
 j - 3 javelins (quivered)
Armour
 b - a +0 cloak (worn)
 e - a +0 ring mail
 q - a +0 chain mail (worn)
Jewellery
 k - a ring of fire (left hand)
 l - a ring of protection from cold (right hand)
Wands
 p - a wand of digging (16/24)
Scrolls
 o - 2 scrolls of remove curse
Potions
 t - 2 potions of brilliance
Comestibles
 c - 4 bread rations
 d - a meat ration


   Skills:
 + Level 6.1 Fighting
 * Level 8.3 Axes
 + Level 4.0 Armour
 - Level 2.4 Dodging
 - Level 1.5 Stealth


You had 6 spell levels left.
You didn't know any spells.

Dungeon Overview and Level Annotations

Branches:
Dungeon (10/15)
 Temple: D:4-7         Lair: D:8-11         Orc: D:9-12

Altars:
Cheibriados
Fedhas
Makhleb
Yredelemnul
The Shining One

Shops:
D:4 ?

Annotations:
D:6 4thArraOfDagon's ghost, novice DgSu
D:8 Joseph


Message History

The giant frog hits you but does no damage.
The centaur hits you.
* * * LOW HITPOINT WARNING * * *
The giant frog barely misses you.
Unknown command.
You slash the centaur!
The centaur is almost dead.
You hit the giant frog. The centaur hits you.
* * * LOW HITPOINT WARNING * * *
The giant frog hits you.
* * * LOW HITPOINT WARNING * * *
The centaur barely misses you. The giant frog hits you.
The Shining One protects you from harm!
Unknown command.
Unknown command.
Unknown command.
You barely miss the centaur.
The centaur is almost dead.
You barely miss the giant frog. The centaur hits you.
You die...

......###.#
.(........#
..........
#.......##
##........# #
..........#.#
#......<..#.#
#...........#
#......).@F.#
#........c..#
...............
########....####
#..... #####..
... ####


You could see a giant frog and a centaur.

Vanquished Creatures
  A hungry ghost (D:9)
  A centaur (D:9)
  2 giant frogs
  A giant frog zombie (D:4)
  2 hounds
  A centaur zombie (D:5)
  A centaur skeleton (D:4)
  2 worker ants
  A hound skeleton (D:6)
  3 adders
  An ooze (D:3)
  An adder skeleton (D:9)
  A dart slug (D:3)
  3 worms
  2 giant geckos
  3 orcs
  2 bats
  A giant cockroach (D:4)
  5 goblins
  2 hobgoblins
  A jackal (D:3)
  4 giant newts
  4 kobolds (D:3)
  3 rats
48 creatures vanquished.

Vanquished Creatures (others)
  4 toadstools (D:1)
4 creatures vanquished.

Grand Total: 52 creatures vanquished

Notes
Turn   | Place    | Note
-------+----------+-------------------------------------------
     0 | D:1      | 4thArraOfDagon the Hill Orc Monk began the quest for the Orb.
     0 | D:1      | Reached XP level 1. HP: 19/19 MP: 1/1
    88 | D:3      | Reached XP level 2. HP: 20/27 MP: 2/2
   114 | D:3      | Reached skill level 1 in Armour
   139 | D:3      | Reached XP level 3. HP: 23/33 MP: 3/3
   398 | D:4      | Reached skill level 5 in Axes
   440 | D:5      | Entered Level 5 of the Dungeon
   478 | D:4      | Found a glowing golden altar of the Shining One.
   479 | D:4      | Found a snail-covered altar of Cheibriados.
   483 | D:4      | Became a worshipper of the Shining One
   483 | D:4      | Reached * piety under the Shining One
   483 | D:4      | Reached ** piety under the Shining One
   503 | D:4      | Reached XP level 4. HP: 27/41 MP: 4/4
   544 | D:4      | Found Haahoc's Magic Scroll Emporium.
   549 | D:4      | Bought a scroll of teleportation for 33 gold pieces
   549 | D:4      | Bought a scroll of identify for 22 gold pieces
   615 | D:4      | Noticed an ogre
   633 | D:3      | Reached skill level 6 in Axes
   633 | D:3      | Reached XP level 5. HP: 14/47 MP: 5/5
   870 | D:5      | Reached skill level 5 in Fighting
   886 | D:5      | Found a burning altar of Makhleb.
   920 | D:5      | Reached XP level 6. HP: 56/56 MP: 6/6
   954 | D:6      | Reached skill level 7 in Axes
  1019 | D:6      | Noticed 4thArraOfDagon's ghost (novice DgSu)
  1021 | D:6      | Noticed an ice beast
  1065 | D:7      | Found a basalt altar of Yredelemnul.
  1112 | D:7      | Found a blossoming altar of Fedhas.
  1287 | D:8      | Noticed Joseph
  1303 | D:9      | Noticed a hungry ghost
  1340 | D:9      | Killed a hungry ghost
  1340 | D:9      | Reached skill level 8 in Axes
  1340 | D:9      | Reached XP level 7. HP: 44/63 MP: 7/7
  1399 | D:9      | Noticed a blink frog
  1418 | D:10     | Entered Level 10 of the Dungeon
  1427 | D:10     | HP: 3/63 [giant frog (4)]
  1427 | D:10     | The Shining One protects you from harm!
  1428 | D:10     | Slain by a centaur

Vault maps used:
D:1:      ldierk_walled_garden_2
D:2:      lemuel_blue_sif_altar
D:3:      first_bread, kennysheep_cross_room, st_stairs_14
D:4:      minmay_opposing_rooms, gammafunk_temple_overflow_statue, serial_shops,
          kennysheep_little_box
D:5:      basic_altar
D:7:      nicolae_overflow_hidden_temple, kennysheep_dice
D:8:      kennysheep_mini, lemuel_coloured_pillars_altar, okawaru_gym_becter,
          uniq_grum, uniq_pikel, uniq_joseph, uniq_erica
D:9:      dpeg_lair_monsters, david_orc_4

Skill      XL: |  1  2  3  4  5  6  7 |
---------------+----------------------+-----
Fighting       | 4 5 6 |  6.1
Armour         | 1 2 3 4 |  4.0
Axes           | 5 6 8 |  8.3
Dodging        | |  2.4
Stealth        | |  1.5

Action                   |  1- 3 |  4- 6 |  7- 9 || total
-------------------------+-------+-------+-------++-------
Melee: Hand axe          |    31 |       |       ||    31
       Battleaxe         |    26 |    76 |    12 ||   114
       War axe           |       |    33 |       ||    33
 Fire: Blowgun           |    15 |       |       ||    15
Invok: Divine Shield     |       |       |     1 ||     1
  Use: Potion            |     1 |     1 |     3 ||     5
       Scroll            |       |     7 |       ||     7
  Eat: Pizza             |       |     1 |       ||     1
       Chunk             |       |     1 |       ||     1
       Bread ration      |       |       |     1 ||     1
Armor: Ring mail         |    15 |    14 |       ||    29
       Robe              |     1 |       |       ||     1
       Chain mail        |       |    60 |    18 ||    78
Dodge: Dodged            |    42 |    55 |    11 ||   108
